 Dungeon Crawl Stone Soup version 0.27.1-37-g7b29ead8ac (webtiles) character file.

Game seed: 14090787082763538217

1446 Lorrdernie the Summoner (level 8, -2/31 HPs)
             Began as a Felid Summoner on Aug 12, 2023.
             Was an Initiate of Gozag.
             Slain by a water moccasin (7 damage)
             ... on level 9 of the Dungeon.
             The game lasted 00:18:53 (11696 turns).

Lorrdernie the Summoner (Felid Summoner)           Turns: 11696, Time: 00:18:55

Health: -2/31      AC:  6    Str:  4    XL:     8   Next: 46%
Magic:  5/15       EV: 21    Int: 18    God:    Gozag
Gold:   573        SH:  0    Dex: 17    Spells: 2/15 levels left
                                        Lives:  0   Deaths: 2

rFire    . . .     SeeInvis +   (weapon unavailable)
rCold    . . .     Faith    .   (shield unavailable)
rNeg     . . .     Spirit   .   (armour unavailable)
rPois    .         Reflect  .   (helmet unavailable)
rElec    .         Harm     .   (cloak unavailable)
rCorr    .         Rampage  .   (gloves unavailable)
Will     +....                  (boots unavailable)
Stlth    ++........             (no amulet)
HPRegen  0.10/turn              g - +4 ring of evasion
MPRegen  0.14/turn              c - +4 ring of protection

@: quick
A: very small, claws 1, fangs 3, see invisible, speed 1, shaggy fur 2, stealthy
paws, no weapons or thrown items, no armour, multi-lived
a: Renounce Religion, Potion Petition, Call Merchant, Bribe Branch


You were on level 9 of the Dungeon.
You worshipped Gozag.
Gozag was pleased with you.
You visited 2 branches of the dungeon, and saw 10 of its levels.
You also visited: Sewer.

You collected 651 gold pieces.
You paid 78 gold pieces to Gozag.

Inventory:

Jewellery
 c - a +4 ring of protection (right paw)
 g - a +4 ring of evasion (left paw)
 j - a ring of protection from fire
 m - an amulet of guardian spirit
 p - a ring of willpower
Wands
 w - a wand of paralysis (11)
 y - a wand of flame (8)
Scrolls
 e - a scroll of blinking
 f - a scroll of immolation
 k - 2 scrolls of identify
 n - 2 scrolls of fog
 r - a scroll of magic mapping
 u - 3 scrolls of amnesia {unknown}
 v - a scroll of silence {unknown}
 x - a scroll of enchant weapon {unknown}
Potions
 a - a potion of magic
 b - a potion of flight {unknown}
 d - 3 potions of cancellation
 h - 2 potions of resistance
 i - a potion of might
 l - 3 potions of invisibility {unknown}
 o - a potion of heal wounds
 q - 2 potions of berserk rage {unknown}
 t - 3 potions of attraction {unknown}


   Skills:
 - Level 2.6 Dodging
 - Level 2.6 Stealth
 - Level 4.1 Spellcasting
 - Level 4.0 Hexes
 * Level 11.0 Summonings
 - Level 4.0 Air Magic


You had 2 spell levels left.
You knew the following spells:

 Your Spells              Type           Power      Damage    Failure   Level
a - Summon Small Mammal   Summ           100%       N/A       1%          1
b - Call Imp              Summ           43%        N/A       1%          2
c - Call Canine Familiar  Summ           43%        N/A       1%          3
d - Summon Guardian Gole  Hex/Summ       30%        N/A       1%          3
e - Summon Lightning Spi  Summ/Air       30%        N/A       7%          4

Your spell library contained the following spells:

 Spells                   Type           Power      Damage    Failure   Level
 Ensorcelled Hibernation  Hex/Ice        20%        N/A       10%         2
 Pain                     Necr           12%        1d4       14%         1
 Sublimation of Blood     Necr           1%         N/A       22%         2
 Wereblood                Tmut           3%         N/A       22%         2
 Shadow Creatures         Summ           N/A        N/A       24%         6
 Gell's Gravitas          Tloc           1%         N/A       41%         3
 Lesser Beckoning         Tloc           1%         N/A       41%         3
 Spider Form              Tmut/Pois      1%         N/A       41%         3
 Teleport Other           Tloc           3%         N/A       41%         3
 Summon Hydra             Summ           21%        N/A       80%         7
 Agony                    Necr           3%         N/A       99%         5
 Excruciating Wounds      Necr           Unusable   N/A       N/A         5

Dungeon Overview and Level Annotations

Branches:
Dungeon (9/15)             Temple (1/1) D:6            Lair (0/6) D:9
  Sewer (visited)
    Orc: D:9-12

Altars:
Ashenzari
Cheibriados
Dithmenos
Elyvilon
Fedhas
Gozag
Kikubaaqudgha
Nemelex Xobeh
Okawaru
Qazlal
Ru
Sif Muna
Trog
Uskayaw
Vehumet
Wu Jian
Xom
Yredelemnul
Zin
The Shining One

Shops:
D:1 [

Annotations:
D:9 Maggie


Innate Abilities, Weirdness & Mutations

You have sharp claws.
You have razor-sharp teeth.
You have supernaturally acute eyesight. (SInv)
You cover ground quickly. (Speed+)
You are covered in thick fur. (AC +2)
Your paws help you pounce on unaware monsters.
You are incapable of wielding weapons or throwing items.
You cannot wear armour.
You gain extra lives every three experience levels.


Message History

Anything else - Cancel.
Gang up on whom?
Press: ? - help, Dir - move target, f/p - komodo dragon
Aim: a komodo dragon (heavily wounded, ally target) Attack!
The komodo dragon bites your guardian golem!!
The komodo dragon bites your guardian golem but does no damage.
The komodo dragon bites your guardian golem!!
Your guardian golem is destroyed!
Your guardian golem disappears in a puff of smoke!
Casting: Summon Guardian Golem (safe; 1% risk of failure)
Confirm with . or Enter, or press ? or * to list all spells.
A guardian golem appears, shielding your allies.
What are your orders? t - Meow!
Orders for allies: a - Attack new target. p - Attack previous target. r - Retreat! s - Stop attacking. g - Guard the area. f - Follow me.
Anything else - Cancel.
Gang up on whom?
Press: ? - help, Dir - move target, f/p - komodo dragon
Aim: a komodo dragon (blue smoke, heavily wounded, ally target) Attack!
You swap places.
The komodo dragon bites your guardian golem!
The komodo dragon bites you!!
Ouch! That really hurt!
* * * LOW HITPOINT WARNING * * *
As you open the door, it creaks loudly!
You hear an angry hiss.
The komodo dragon completely misses you.
There is an open door here.
The water moccasin barely misses you.
The water moccasin completely misses you.
Casting: Summon Guardian Golem (safe; 1% risk of failure)
Confirm with . or Enter, or press ? or * to list all spells.
A guardian golem appears, shielding your allies.
Your guardian golem disappears in a puff of smoke!
The water moccasin bites you!
You die...
Your body crumbles into a pile of gold.

#...≈.......≈.##
#...≈.≈§§§§....### .
#...≈.§.§§§.≈....# .
#...≈.≈._.≈.≈....# #
#...≈.§...≈.≈.#### #
#...≈.≈.≈≈§.≈)..# #
#.#.≈...8...≈...# #
#.#.≈≈≈≈y≈≈≈≈...# #
#......@S.......# #
#....#####......###### #
#.....# #....§....)..###
#.#...# #.##....#..#(...
#.....# #.##..........#.
#....## ######.h........
#.#.#..≈≈≈≈≈..##.....###
#...#.≈.....≈.#......'.#
#...#.≈.≈≈≈.≈.#......#.#


You could see a water moccasin, a killer bee and a friendly guardian golem
(summoned).

Vanquished Creatures
  A vampire mosquito (D:6)
  A bullfrog (D:7)
  A killer bee zombie (D:8)
  An adder (D:3)
  2 orcs (D:7)
  2 ball pythons
  2 giant cockroaches
  3 hobgoblins
  A jackal (D:3)
  3 kobolds
  4 bats
21 creatures vanquished.

Vanquished Creatures (collateral kills)
  A two-headed ogre (D:9)
  A water moccasin (D:8)
  Purgy (Sewer)
  3 sky beasts (D:6)
  A black bear (D:6)
  An ice beast (D:8)
  2 phantoms
  2 bullfrogs (D:9)
  A scorpion (D:7)
  A killer bee (D:9)
  2 water moccasin skeletons (D:5)
  A centaur zombie (D:8)
  A hound (D:5)
  A jelly (D:2)
  3 iguanas
  An orc wizard (D:7)
  A killer bee zombie (D:7)
  4 adders
  A shadow imp (D:6)
  A white imp (D:5)
  3 worms
  9 orcs
  4 bats
  6 endoplasms
  3 giant cockroaches
  3 goblins
  3 hobgoblins
  5 jackals
  5 kobolds
  5 quokkas
  4 ball pythons
  2 frilled lizards (D:1)
  6 rats
88 creatures vanquished.

Vanquished Creatures (others)
  2 wyverns
  2 vampire mosquitoes (D:6)
  A centaur (D:8)
  8 wights
  41 fungi (D:9)
  33 plants (D:9)
87 creatures vanquished.

Grand Total: 196 creatures vanquished

Notes
Turn   | Place    | Note
-------+----------+-------------------------------------------
     0 | D:1      | Lorrdernie the Felid Summoner began the quest for the Orb.
     0 | D:1      | Reached XP level 1. HP: 7/7 MP: 4/4
   374 | D:1      | Found Viranoun's Armour Shoppe.
   844 | D:1      | Found a faded altar of an unknown god.
   922 | D:1      | Reached XP level 2. HP: 4/11 MP: 1/6
  1491 | D:1      | Learned a level 2 spell: Call Imp
  2257 | D:2      | Reached XP level 3. HP: 14/14 MP: 2/7
  2261 | D:2      | Learned a level 3 spell: Call Canine Familiar
  2840 | D:3      | Found a hide-covered altar of Uskayaw.
  2990 | D:3      | Reached skill level 5 in Summonings
  3017 | D:3      | Found a blossoming altar of Fedhas.
  4145 | D:3      | Reached XP level 4. HP: 10/18 MP: 0/9
  5002 | D:4      | Found a radiant altar of Vehumet.
  5605 | D:4      | Learned a level 3 spell: Summon Guardian Golem
  5937 | D:5      | Entered Level 5 of the Dungeon
  5952 | D:5      | Noticed a phantom
  5961 | D:5      | Noticed an ice beast
  6101 | D:5      | Identified the +0 leather armour of Madecruk {Dex+7}
  6136 | D:5      | Reached skill level 1 in Hexes
  6136 | D:5      | Reached XP level 5. HP: 19/21 MP: 1/10
  6166 | D:5      | Found a glowing drain.
  6201 | Sewer    | Entered a sewer
  6321 | Sewer    | Noticed Purgy
  6340 | Sewer    | Killed Purgy
  6341 | Sewer    | Reached skill level 6 in Summonings
  6742 | D:5      | Killed from afar by a white imp
  6743 | D:5      | Reached XP level 4. HP: -3/18 MP: 4/9
  6779 | D:5      | Found a glowing golden altar of the Shining One.
  6845 | D:5      | Reached XP level 5. HP: 17/21 MP: 2/10
  7154 | D:5      | Killed a phantom
  7386 | D:5      | Found a stormy altar of Qazlal.
  7568 | D:5      | Found an ancient bone altar of Kikubaaqudgha.
  7746 | D:6      | Noticed a sky beast
  7760 | D:6      | Killed a sky beast
  7841 | D:6      | Noticed a black bear
  7849 | D:6      | Killed a black bear
  7850 | D:6      | Gained mutation: You are covered in thick fur. (AC +2)
                  | [Felid growth]
  7850 | D:6      | Reached XP level 6. HP: 24/24 MP: 6/11
  7894 | D:6      | Found an ornate altar of the Wu Jian Council.
  7948 | D:6      | Reached skill level 7 in Summonings
  8008 | D:6      | Noticed a sky beast
  8021 | D:6      | Killed a sky beast
  8093 | D:6      | Noticed a sky beast
  8110 | D:6      | Killed a sky beast
  8159 | D:6      | Found a white marble altar of Elyvilon.
  8237 | D:6      | Found a staircase to the Ecumenical Temple.
  8259 | D:6      | Noticed a vampire mosquito
  8260 | D:6      | Noticed a vampire mosquito
  8261 | D:6      | Noticed a vampire mosquito
  8533 | Temple   | Entered the Ecumenical Temple
  8575 | Temple   | Became a worshipper of Gozag Ym Sagoz the Greedy
  8958 | D:6      | Killed a vampire mosquito
  8958 | D:6      | Killed a vampire mosquito
  8959 | D:6      | Reached skill level 8 in Summonings
  8959 | D:6      | Reached XP level 7. HP: 14/27 MP: 1/13
  8972 | D:6      | Killed a vampire mosquito
  9191 | D:6      | Learned a level 4 spell: Summon Lightning Spire
  9667 | D:7      | Found a sparkling altar of Nemelex Xobeh.
  9911 | D:8      | Reached skill level 1 in Air Magic
 10227 | D:8      | Noticed a wyvern
 10245 | D:8      | Killed a wyvern
 10246 | D:8      | Reached skill level 9 in Summonings
 10246 | D:8      | Reached XP level 8. HP: 31/31 MP: 12/15
 11134 | D:9      | Reached skill level 10 in Summonings
 11157 | D:9      | Found a broken altar of Ashenzari.
 11162 | D:9      | Noticed Maggie
 11192 | D:9      | Killed from afar by Maggie
 11193 | D:9      | Reached XP level 7. HP: -1/27 MP: 8/14
 11193 | D:9      | Found a staircase to the Lair.
 11193 | D:9      | Noticed a komodo dragon
 11193 | D:9      | Noticed a komodo dragon
 11193 | D:9      | Noticed a two-headed ogre
 11289 | D:9      | Found a bloodstained altar of Trog.
 11289 | D:9      | Killed a two-headed ogre
 11290 | D:9      | Reached XP level 8. HP: 12/31 MP: 7/15
 11579 | D:9      | Reached skill level 11 in Summonings
 11696 | D:9      | Slain by a water moccasin

Illustrated notes

Levels and vault maps discovered:
D:1:      nzn_arrival_crosshair, layout_loops_corners,
          ebering_ecumenical_altar_abandoned, serial_shops, shop
D:2:      layout_rooms
D:3:      layout_basic, mainiacjoe_overflow_large_starburst
D:4:      layout_cave_pods, kennysheep_little_box
D:5:      layout_loops_ring, lemuel_round_altar, grunt_qazlal_sundering,
          kiku_gazebo_pond_becter, lightli_ossuary_entry_decrepit_ruins,
          cheibrodos_sewer_entry_drain
D:6:      layout_cave_pools, mainiacjoe_overflow_alcove_1,
          mainiacjoe_overflow_24_doors, temple_pool_b
D:7:      layout_basic, nemelex_diamond_rough_becter
D:8:      minmay_spotlight, layout_basic, chequers_serial_rivers_marsh
D:9:      layout_stronghold, mainiacjoe_overflow_paths,
          mainiacjoe_overflow_concentric_impassable,
          due_lair_maze_entry_diamond, uniq_maggie
Temple:   jpeg_temple_island

Skill      XL: |  1  2  3  4  5  6  7  8 |
---------------+-------------------------+-----
Summonings     | 5 6 8 9 11 | 11.0
Spellcasting   | 3 4 |  4.1
Hexes          | 1 3 4 |  4.0
Air Magic      | 4 3 |  4.0
Dodging        | |  2.6
Stealth        | |  2.6

Action                   |  1- 3 |  4- 6 |  7- 9 || total
-------------------------+-------+-------+-------++-------
Melee: Unarmed           |    43 |    32 |    25 ||   100
       Bite              |     1 |     3 |     1 ||     5
 Cast: Summon Small Mamm |    68 |     3 |       ||    71
       Call Imp          |    37 |    54 |    15 ||   106
       Call Canine Famil |       |    25 |    16 ||    41
       Summon Guardian G |       |     5 |    20 ||    25
       Summon Lightning  |       |       |     2 ||     2
  Use: Scroll            |     2 |    10 |     3 ||    15
       Potion            |       |       |     2 ||     2
 Stab: Sleeping          |     4 |     4 |     1 ||     9
Armor: Skin              |     2 |     6 |     6 ||    14
Dodge: Dodged            |    56 |    51 |    39 ||   146
